 Dungeon Crawl Stone Soup version 0.27-a0-1006-g1fd4cec11e (webtiles) character file.

Game seed: 13459248275180331610

12 siradein the Slasher (level 2, -2/22 HPs)
             Began as a Demonspawn Gladiator on Apr 17, 2021.
             Frozen to death by an endoplasm (5 damage)
             ... on level 2 of the Dungeon.
             The game lasted 00:00:40 (164 turns).

siradein the Slasher (Demonspawn Gladiator)          Turns: 164, Time: 00:00:41

Health: -2/22      AC:  4    Str: 14    XL:     2   Next: 20%
Magic:  2/2        EV: 12    Int:  9    God:
Gold:   24         SH:  0    Dex: 14    Spells: 1/1 levels left

rFire    . . .     SeeInvis .   a - +0 long sword
rCold    . . .     Faith    .   (no shield)
rNeg     . . .     Spirit   .   b - +0 leather armour
rPois    .         Reflect  .   c - +0 helmet
rElec    .         Harm     .   (no cloak)
rCorr    .         Rampage  .   (no gloves)
Will     .....                  (no boots)
Stlth    +.........             (no amulet)
HPRegen  0.07/turn              (no ring)
MPRegen  0.08/turn              (no ring)

@: no status effects
A: demonic guardian 1
a: no special abilities


You were on level 2 of the Dungeon.
You visited 1 branch of the dungeon, and saw 2 of its levels.

You collected 24 gold pieces.

Inventory:

Hand Weapons
 a - a +0 long sword (weapon)
Missiles
 d - 3 throwing nets (quivered)
Armour
 b - a +0 leather armour (worn)
 c - a +0 helmet (worn)


   Skills:
 - Level 2.0 Fighting
 + Level 3.3 Long Blades
 - Level 1.7 Throwing
 - Level 2.6 Dodging


You had one spell level left.
You didn't know any spells.
Your spell library was empty.

Dungeon Overview and Level Annotations

Branches:
Dungeon (1/15)

Altars:

Shops:
D:2 [


Innate Abilities, Weirdness & Mutations

A weak demonic guardian rushes to your aid.


Message History

You hit the jackal.
You kill the jackal!
The jackal closely misses you.
You slash the jackal!
You kill the jackal!
The jackal completely misses you.
You have reached level 2!
Your demonic ancestry asserts itself...
You feel the presence of a demonic guardian.
You barely miss the jackal. The jackal closely misses you.
The jackal bites you but does no damage.
The jackal misses you. The jackal barely misses you.
You hit the jackal.
You kill the jackal!
The jackal bites you. The jackal barely misses you.
The jackal bites you but does no damage.
An endoplasm comes into view.
You see here a jackal corpse.
The endoplasm quivers.
You hit the jackal but do no damage. The jackal barely misses you.
The jackal closely misses you.
You barely miss the jackal. The jackal bites you.
The jackal closely misses you.
You riposte.
You hit the jackal.
The jackal is heavily wounded.
You hit the jackal.
You kill the jackal!
You barely miss the goblin.
The goblin hits you with a +0 dagger. x2
You closely miss the goblin. The goblin hits you with a +0 dagger.
You barely miss the goblin. The goblin misses you.
You barely miss the goblin. The goblin hits you with a +0 dagger.
You slash the goblin!
You kill the goblin!
The endoplasm jiggles.
The endoplasm freezes you.
You are frozen.
* * * LOW HITPOINT WARNING * * *
A demonic guardian appears!
The endoplasm freezes you.
You are frozen.
You die...

..................#
............†.....#
............#.....#
#####.......#.gh..#
............#....##
#####.......#####.###.#
#.......# #w....#
#############J#####
#.....@†# #...<5###
#..... ###... #####
#... ....# #... ....#
#### ....# ..(.#


You could see a worm, an endoplasm (ally target) and a friendly iron imp
(summoned).

Vanquished Creatures
  A bat (D:2)
  2 goblins
  6 jackals (D:2)
  A frilled lizard (D:2)
10 creatures vanquished.

Notes
Turn   | Place    | Note
-------+----------+-------------------------------------------
     0 | D:1      | siradein the Demonspawn Gladiator began the quest for the
                  | Orb.
     0 | D:1      | Reached XP level 1. HP: 16/16 MP: 1/1
    61 | D:1      | You fall into a shaft and drop 1 floor!
    90 | D:2      | Found Zitinwokou's Antique Armour Shop.
   145 | D:2      | Reached skill level 3 in Long Blades
   153 | D:2      | Gained mutation: A weak demonic guardian rushes to your
                  | aid. [demonic ancestry]
   153 | D:2      | Reached XP level 2. HP: 18/22 MP: 2/2
   164 | D:2      | Frozen to death by an endoplasm

Illustrated notes

Levels and vault maps discovered:
D:1:      amcnicky_arrival_blooded_trapdoor, layout_basic,
          basic_ecumenical_altar
D:2:      layout_basic, serial_shops, nicolae_shop_behind_doors,
          lemuel_another_geyser

Skill      XL: |  1 |
---------------+----+-----
Long Blades    | 3 |  3.3
Fighting       | |  2.0
Throwing       | |  1.7
Dodging        | |  2.6

Action                   || total
-------------------------++-------
Melee: Long sword        ||    24
Armor: Leather armour    ||    16
Dodge: Dodged            ||    25
       Rpst.: Long sword ||     6

Table legend: (Time is in decaauts)
 A = Elapsed time spent in this place.
 B = Non-inter-level travel time spent in this place.
 C = Inter-level travel time spent in this place.
 D = Time resting spent in this place.
 E = Time spent auto-exploring this place.
 F = Levels seen in this place.
 G = Mean time per level.
                   A        B        C        D        E       F      G
               +--------+--------+--------+--------+--------+-----+--------+
         Total |    169 |    169 |      0 |      0 |    107 |   2 |   84.5 |
       Dungeon |    169 |    169 |      0 |      0 |    107 |   2 |   84.5 |
               +--------+--------+--------+--------+--------+-----+--------+

Top non-repeatable levels by time:
     D:2: 108 daAuts
     D:1: 61 daAuts
